 Dungeon Crawl Stone Soup version 0.30-a0-1103-g25895a7845 (webtiles) character file.

Game seed: 14651864977624373465

3 Iniera the Conjurer (level 1, -1/13 HPs)
             Began as a Demonspawn Conjurer on Apr 18, 2023.
             Slain by a gnoll
             ... wielding a +0 club
              (7 damage)
             ... on level 1 of the Dungeon.
             The game lasted 00:00:22 (154 turns).

Iniera the Conjurer (Demonspawn Conjurer)            Turns: 154, Time: 00:00:23

Health: -1/13      AC:  2    Str:  7    XL:     1   Next: 41%
Magic:  0/3        EV: 12    Int: 19    God:
Gold:   0          SH:  0    Dex: 11    Spells: 3/4 levels left

rFire   . . .      SeeInvis .    (no weapon)
rCold   . . .      Faith    .    (no shield)
rNeg    . . .      Spirit   .    a - +0 robe
rPois   .          Reflect  .    (no helmet)
rElec   .          Rampage  .    (no cloak)
rCorr   .                        (no gloves)
Will    .....                    (no boots)
Stlth   ++                       (no amulet)
HPRegen 0.22/turn                (no ring)
MPRegen 0.08/turn                (no ring)

@: very slightly contaminated
A: no striking features
a: no special abilities


You were on level 1 of the Dungeon.
You visited 1 branch of the dungeon, and saw 1 of its levels.

Inventory:

Armour
 a - a +0 robe (worn)
Potions
 b - a potion of magic
 c - a potion of flight {unknown}


   Skills:
 - Level 1.7 Dodging
 - Level 1.7 Stealth
 + Level 2.1 Spellcasting
 * Level 4.1 Conjurations


You had 3 spell levels left.
You knew the following spells:

 Your Spells              Type           Power      Damage    Failure   Level
a - Magic Dart            Conj           68%        1d6       3%          1

Your spell library contained the following spells:

 Spells                   Type           Power      Damage    Failure   Level
 Searing Ray              Conj           34%        2d5       4%          2
 Dazzling Flash           Conj/Hex       18%        N/A       22%         3
 Fulminant Prism          Conj/Hex       4%         3d5       56%         4
 Iskenderun's Mystic Bla  Conj/Tloc      9%         2d4       56%         4


Dungeon Overview and Level Annotations

Branches:
Dungeon (1/15)

Altars:


Message History

The gnoll is moderately wounded.
A kobold comes into view. It is wielding a +0 dagger.
Found a scroll labelled AMOJ ATOGIA.
Your magical contamination has completely faded away.
Casting: Magic Dart (safe; 3% risk of failure)
Confirm with . or Enter, or press ? or * to list all spells.
Aiming: Magic Dart (safe; 3% risk of failure)
Press: ? - help, Shift-Dir - straight line, f/p - gnoll
Aim: a gnoll, wielding a +0 club (moderately wounded, 100% to hit)
The magic dart hits the gnoll.
The gnoll is heavily wounded.
Unknown command.
There is an open door here.
There is a staircase leading out of the dungeon here.
Casting: Magic Dart (safe; 3% risk of failure)
Confirm with . or Enter, or press ? or * to list all spells.
Aiming: Magic Dart (safe; 3% risk of failure)
Press: ? - help, Shift-Dir - straight line, f/p - gnoll
Aim: a gnoll, wielding a +0 club (heavily wounded, 100% to hit)
The magic dart hits the gnoll.
The gnoll is severely wounded.
Unknown command.
The gnoll hits you with a +0 club. The kobold hits you with a +0 dagger.
The gnoll misses you. The gnoll attacks as you move away!
The gnoll hits you with a +0 club. The gnoll attacks as you move away!
The gnoll barely misses you.
You open the door. The gnoll barely misses you.
There is an open door here.
Casting: Magic Dart (safe; 3% risk of failure)
Confirm with . or Enter, or press ? or * to list all spells.
Aiming: Magic Dart (safe; 3% risk of failure)
Press: ? - help, Shift-Dir - straight line, f/p - gnoll
Aim: a gnoll, wielding a +0 club (severely wounded, 100% to hit)
You miscast Magic Dart.
You are very lightly contaminated with residual magic.
Nothing appears to happen.
The gnoll barely misses you.
Unknown command.
The gnoll attacks as you move away! The gnoll hits you with a +0 club!
Ouch! That really hurt!
You die...

.#...........# ##.....##
...#########.###.......##
.#.#.......#.##......(..##
##.#.#.^...#.'.....<.....+
?............#####...#####
##.#.............##.##
#.###......#.##.##.# #.#
########.##.##K# #..
##.##@##.# ... #....g##'#
... #####....# .. ######


You could see a gnoll.

Vanquished Creatures
  A giant cockroach (D:1)
  A hobgoblin (D:1)
  A bat (D:1)
3 creatures vanquished.

Notes
Turn   | Place    | Note
-------+----------+-------------------------------------------
     0 | D:1      | Iniera the Demonspawn Conjurer began the quest for the Orb.
     0 | D:1      | Reached XP level 1. HP: 13/13 MP: 3/3
   154 | D:1      | Slain by a gnoll

Illustrated notes

Levels and vault maps discovered:
D:1:      mrwooster_arrival_arrow, layout_basic,
          amcnicky_mini_rare_corridor_liquid, minmay_misc_feat_iff,
          minmay_misc_feat_roman

Action                     || total
---------------------------++-------
   Cast: Magic Dart        ||     9
  Dodge: Dodged            ||     4

Table legend: (Time is in decaauts)
 A = Elapsed time spent in this place.
 B = Non-inter-level travel time spent in this place.
 C = Inter-level travel time spent in this place.
 D = Time resting spent in this place.
 E = Time spent auto-exploring this place.
 F = Levels seen in this place.
 G = Mean time per level.
                   A        B        C        D        E       F      G
               +--------+--------+--------+--------+--------+-----+--------+
         Total |    154 |    154 |      0 |      0 |    101 |   1 |  154.0 |
       Dungeon |    154 |    154 |      0 |      0 |    101 |   1 |  154.0 |
               +--------+--------+--------+--------+--------+-----+--------+

Top non-repeatable levels by time:
     D:1: 154 daAuts
